 Dungeon Crawl Stone Soup version 0.26.1-2-gb8aa6d0cf2 (webtiles) character file.

Game seed: 17186168738877861252

26107 raph the Geomancer (level 12, -18/100 HPs)
             Began as a Yellow Draconian Earth Elementalist on Mar 4, 2021.
             Was a High Priest of Ashenzari.
             Engulfed by a blizzard demon's freezing vapour (30 damage)
             ... in a Gauntlet on Mar 5, 2021.
             The game lasted 00:48:15 (21934 turns).

raph the Geomancer (DrEE)                          Turns: 21934, Time: 00:48:16

Health: -18/100    AC: 22    Str: 11    XL:     12   Next: 95%
Magic:  16/22      EV: 33    Int: 20    God:    Ashenzari [*****.]
Gold:   949        SH:  7    Dex: 18    Spells: 6/24 levels left

rFire    . . .     SeeInvis +   a - +3 long sword (freeze) (curse)
rCold    . . .     Faith    .   B - +1 buckler {AC+3} (curse)
rNeg     . . .     Spirit   .   (armour unavailable)
rPois    .         Reflect  .   s - +2 hat (curse)
rElec    .         Harm     .   y - +1 cloak
rCorr    +         Rampage  .   k - +1 pair of gloves
Will     .....     Clarity  +   P - +0 pair of boots Stlth +++.......NoTele +
                                e - amulet of the acrobat
HPRegen  0.26/turn              j - +4 ring of protection (curse)
MPRegen  0.18/turn              p - +6 ring of dexterity (curse)

@: mighty, sluggish, acrobat, slowed, very slow
A: spit acid, unfitting armour, cold-blooded, acid resistance, AC +8
a: Breathe Acid, Renounce Religion, Curse Item, Scrying, Transfer Knowledge


You were in a Gauntlet.
You worshipped Ashenzari.
Ashenzari was extremely pleased with you.
You visited 3 branches of the dungeon, and saw 16 of its levels.
You also visited: Gauntlet.

You collected 1114 gold pieces.
You spent 165 gold pieces at shops.

Inventory:

Hand Weapons
 a - a cursed +3 long sword of freezing (weapon)
 n - a +1 short sword of flaming
 z - a +4 scimitar
Missiles
 b - 354 stones
Armour
 k - a +1 pair of gloves (worn)
 s - a cursed +2 hat (worn)
 y - a +1 cloak (worn)
 B - a cursed +1 buckler of protection (worn)
 E - a +2 hat of intelligence
 P - a +0 pair of boots (worn)
Jewellery
 e - an amulet of the acrobat (around neck)
 j - a cursed +4 ring of protection (left hand)
 m - an uncursed ring of poison resistance
 p - a cursed +6 ring of dexterity (right hand)
 C - an uncursed amulet of regeneration
 O - an uncursed ring of ice
 Q - an uncursed ring of protection from cold
 T - an uncursed ring of protection from fire
Wands
 A - a wand of acid (35)
 D - a wand of polymorph (7)
 G - a wand of paralysis (9)
 I - a wand of digging (2)
 J - a wand of iceblast (37)
 R - a wand of flame (31)
 S - a wand of disintegration (21)
Scrolls
 c - 2 scrolls of remove curse
 f - a scroll of fog
 g - 9 scrolls of magic mapping
 q - a scroll of blinking
 r - a scroll of amnesia
 t - 8 scrolls of teleportation
 K - 2 scrolls of fear
 L - 9 scrolls of identify
Potions
 h - 4 potions of berserk rage
 l - a potion of cancellation
 o - 4 potions of invisibility
 u - 2 potions of mutation
 v - 2 potions of brilliance
 w - a potion of might
 x - a potion of resistance
 F - 8 potions of curing
 M - 2 potions of magic
 N - 2 potions of flight
Miscellaneous
 d - a phial of floods (inert)
 i - a box of beasts (inert)


   Skills:
 + Level 7.1 Fighting
 - Level 11.4(15.1) Long Blades
 * Level 8.0 Dodging
 + Level 6.2 Stealth
 - Level 4.0(6.4) Shields
 + Level 6.8 Spellcasting
 - Level 1.5(3.3) Transmutations
 + Level 12.0(14.4) Earth Magic


You had 6 spell levels left.
You knew the following spells:

 Your Spells              Type           Power        Failure   Level
a - Sandblast             Erth           100%         1%          1
b - Passwall              Tmut/Erth      35%          1%          2
c - Stone Arrow           Conj/Erth      72%          1%          3
d - Lee's Rapid Deconstr  Erth           29%          1%          5
e - Wereblood             Tmut           20%          3%          2
f - Animate Skeleton      Necr           16%          9%          1
g - Summon Small Mammal   Summ           32%          9%          1
h - Corona                Hex            8%           9%          1
i - Swiftness             Air            8%           13%         2

Your spell library contained the following spells:

 Spells                   Type           Power        Failure   Level
 Beastly Appendage        Tmut           40%          2%          1
 Petrify                  Tmut/Erth      42%          2%          4
 Apportation              Tloc           16%          9%          1
 Shock                    Conj/Air       32%          9%          1
 Spider Form              Tmut/Pois      7%           14%         3
 Static Discharge         Conj/Air       8%           26%         3
 Ice Form                 Ice/Tmut       14%          41%         4
 Blade Hands              Tmut           10%          56%         5
 Airstrike                Air            4%           63%         4
 Alistair's Intoxication  Tmut/Pois      9%           77%         5
 Lightning Bolt           Conj/Air       4%           93%         5
 Hydra Form               Tmut           10%          98%         6


Dungeon Overview and Level Annotations

Branches:
Dungeon (10/15)            Temple (1/1) D:7            Lair (5/6) D:10
  Swamp (0/4) Lair:3        Snake (0/4) Lair:3          Orc (0/2) D:10
Gauntlet (1/1)
  Slime: Lair:5-6

Altars:
Ashenzari
Cheibriados
Dithmenos
Elyvilon
Fedhas
Gozag
Hepliaklqana
Kikubaaqudgha
Makhleb
Nemelex Xobeh
Okawaru
Qazlal
Ru
Sif Muna
Trog
Uskayaw
Vehumet
Wu Jian
Xom
Yredelemnul
Zin
The Shining One

Shops:
D:4 [=[   D:5 }   D:7 !

Annotations:
Lair:1 3 runed translucent doors, Cleetus's ghost, journeyman FoFi Gauntlet 6 transporters, 22 runed translucent doors


Innate Abilities, Weirdness & Mutations

You can spit globs of acid.
Your golden yellow scales are hard. (AC +8)
You cannot fit into any form of body armour.
You are cold-blooded and may be slowed by cold attacks.
You are resistant to acid. (rCorr)


Message History

The blizzard demon hits you but does no damage.
You are engulfed in freezing vapours.
You feel as though you will be slow longer.
* * * LOW HITPOINT WARNING * * *
The entropy weaver shouts!
The blizzard demon is no longer waterlogged.
The blizzard demon waves its arms in wide circles.
The air twists around and strikes you!!
* * * LOW HITPOINT WARNING * * *
The blizzard demon is engulfed in freezing vapours. x2
The blizzard demon misses you.
You riposte.
You hit the blizzard demon.
The blizzard demon is moderately wounded.
The blizzard demon barely misses you.
Okay, then.
Press: ? - help, v - describe, . - travel
Here: a blizzard demon (freezing vapour, moderately wounded)
The floor, spattered with blood.
You feel better.
You are engulfed in freezing vapours.
You feel as though you will be slow longer.
You die...

.#++#++##.?#..≈#* *
##..+...+..#..##*..# **
* ©#©.#...+.©#..§# ..#*,
,*
##..+...+.[#..##*..##,*,
.#++#++##.B#..≈# ... *
.#.^+..+...#..###..# * *
.#..+..+..s#..#....# ,.
* * *
.###########..#©..☼##.#
* , *
..............#°@○....#
,
............∩.#.2○.##.#
* , #..#########..#©≈..#
, ,
#..#.......#..#≈...#*, *
*
#..#.#'###!#..###.....#
* *,*
####.#..≈#.#..§#*..##.#
* #©©#.#.©≈#©#..## ..#*
..* ####.#..≈#.#..≈# ..#
* # #..#.#+###.#..## ###


You could see an entropy weaver, a blizzard demon and a jumping spider.

Vanquished Creatures
  2 hydras
  Nergalle (Lair:4)
  2 unseen horrors
  A bog body (Lair:3)
  2 centaur zombies (D:10)
  4 black mambas
  3 cane toads
  7 komodo dragons
  A rime drake (Lair:4)
  A komodo dragon (shapeshifter) (D:10)
  2 hornets
  Grinder (D:3)
  A polar bear (Lair:5)
  Prince Ribbit (D:9)
  12 blink frogs
  Sigmund (D:2)
  A spriggan (Lair:4)
  20 yaks
  2 wyverns
  6 basilisks
  2 steam dragons (Lair:3)
  Menkaure (D:4)
  5 nagas (Lair:3)
  2 soldier ants (D:10)
  4 wargs (D:10)
  11 water moccasins
  2 black bears
  4 orc warriors
  6 ice beasts
  3 sky beasts
  7 phantoms
  3 centaurs
  3 ogres
  14 wolves
  A big kobold (D:10)
  16 bullfrogs
  Blork the orc (D:4)
  A wyvern skeleton (D:7)
  3 scorpions
  9 wights
  4 howler monkeys
  A bullfrog zombie (D:6)
  2 quasits
  5 hounds
  12 orc priests
  3 bullfrog skeletons
  Crazy Yiuf (D:4)
  A centaur skeleton (D:5)
  Jessica (D:3)
  4 iguanas
  11 orc wizards
  3 worker ants
  2 hound zombies
  A hound skeleton (D:4)
  2 worker ant zombies
  16 adders
  3 gnolls (D:8)
  4 shadow imps
  A white imp (D:6)
  An ufetubus (D:5)
  2 oozes
  A worm (D:4)
  2 dart slugs
  5 leopard geckos
  51 orcs
  5 giant cockroaches
  8 goblins
  8 hobgoblins
  14 jackals
  6 quokkas
  3 ball pythons
  11 bats
  4 frilled lizards
  A jackal skeleton (D:5)
  A jackal zombie (D:5)
  13 kobolds
  2 leopard gecko zombies
  A quokka zombie (D:5)
  5 rats
390 creatures vanquished.

Vanquished Creatures (collateral kills)
  2 yaks (Lair:5)
2 creatures vanquished.

Vanquished Creatures (others)
  19 fungi
  31 plants
50 creatures vanquished.

Grand Total: 442 creatures vanquished

Notes
Turn   | Place    | Note
-------+----------+-------------------------------------------
     0 | D:1      | raph the Draconian Earth Elementalist began the quest for
                  | the Orb.
     0 | D:1      | Reached XP level 1. HP: 14/14 MP: 3/3
   314 | D:1      | Reached XP level 2. HP: 18/20 MP: 3/5
   924 | D:1      | Reached XP level 3. HP: 25/26 MP: 6/6
   927 | D:1      | Learned a level 2 spell: Passwall
   931 | D:1      | Learned a level 3 spell: Stone Arrow
  1548 | D:2      | Noticed Sigmund
  1555 | D:2      | Killed Sigmund
  1556 | D:2      | Reached skill level 5 in Earth Magic
  1556 | D:2      | Reached XP level 4. HP: 30/33 MP: 1/8
  1556 | D:2      | Reached XP level 5. HP: 35/38 MP: 1/9
  1928 | D:3      | Noticed Grinder
  1930 | D:3      | Paralysed by Grinder for 4 turns
  1938 | D:3      | Paralysed by Grinder for 4 turns
  1944 | D:3      | Killed Grinder
  1945 | D:3      | Reached skill level 6 in Earth Magic
  1945 | D:3      | Reached XP level 6. HP: 10/45 MP: 0/12
  2278 | D:3      | Learned a level 5 spell: Lee's Rapid Deconstruction
  2782 | D:2      | Found a white marble altar of Elyvilon.
  2830 | D:3      | Noticed Jessica
  2835 | D:3      | Your scales start taking on a golden yellow colour.
  2835 | D:3      | Reached XP level 7. HP: 50/50 MP: 13/13
  2835 | D:3      | Gained mutation: You are resistant to acid. (rCorr) [Yellow
                  | Draconian growth]
  2862 | D:3      | Killed Jessica
  2987 | D:3      | Reached skill level 7 in Earth Magic
  3365 | D:4      | Noticed Blork the orc
  3714 | D:4      | Killed Blork the orc
  3930 | D:4      | Found Raucicur's Armour Emporium.
  3935 | D:4      | Found Tiopt's Jewellery Emporium.
  3935 | D:4      | Found Ewoid's Antique Armour Emporium.
  3935 | D:4      | Found Jisexeam's Armour Emporium.
  4067 | D:4      | Noticed Menkaure
  4071 | D:4      | Killed Menkaure
  4072 | D:4      | Reached skill level 8 in Earth Magic
  4726 | D:4      | Found a sparkling altar of Nemelex Xobeh.
  4847 | D:4      | Reached XP level 8. HP: 57/57 MP: 14/14
  4873 | D:4      | Found a runed translucent door.
  4874 | D:4      | Noticed Crazy Yiuf
  4884 | D:4      | Killed Crazy Yiuf
  5002 | D:5      | Entered Level 5 of the Dungeon
  5033 | D:5      | Reached skill level 9 in Earth Magic
  5706 | D:5      | Reached skill level 10 in Earth Magic
  5986 | D:5      | Found a sparkling altar of Nemelex Xobeh.
  6182 | D:5      | Found Anifopupa's Gadget Shoppe.
  6528 | D:6      | Reached skill level 1 in Fighting
  6528 | D:6      | Reached skill level 1 in Shields
  6831 | D:6      | Found a shadowy altar of Dithmenos.
  6859 | D:6      | Reached XP level 9. HP: 54/67 MP: 11/15
  7737 | D:7      | Reached skill level 11 in Earth Magic
  8092 | D:7      | Learned a level 2 spell: Wereblood
  8112 | D:7      | Found Ymuk's Distillery.
  8119 | D:7      | Bought a potion of magic for 120 gold pieces
  8119 | D:7      | Bought a potion of curing for 45 gold pieces
  8265 | D:7      | Found a staircase to the Ecumenical Temple.
  8277 | Temple   | Entered the Ecumenical Temple
  8554 | Temple   | Became a worshipper of Ashenzari the Shackled
  8886 | D:7      | Learned a level 1 spell: Animate Skeleton
  8888 | D:7      | Learned a level 1 spell: Summon Small Mammal
  9033 | D:8      | Killed an unseen horror
  9479 | D:8      | Reached XP level 10. HP: 78/78 MP: 14/17
  9960 | D:8      | Reached * piety under Ashenzari
 11010 | D:9      | Reached skill level 5 in Long Blades
 11577 | D:9      | Noticed Prince Ribbit
 11806 | D:9      | Killed Prince Ribbit
 11938 | D:9      | Reached ** piety under Ashenzari
 12077 | D:10     | Entered Level 10 of the Dungeon
 12405 | D:10     | Learned a level 1 spell: Corona
 12407 | D:10     | Found a staircase to the Lair.
 12408 | D:10     | Noticed a cane toad
 12615 | D:10     | Found a staircase to the Orcish Mines.
 12880 | D:10     | Killed an unseen horror
 13180 | D:10     | Reached XP level 11. HP: 84/84 MP: 7/18
 13970 | D:10     | Reached skill level 10 in Long Blades
 14736 | Lair:1   | Entered Level 1 of the Lair of Beasts
 15054 | Lair:1   | Reached *** piety under Ashenzari
 15346 | Lair:1   | Reached skill level 5 in Spellcasting
 15696 | Lair:1   | Found a runed translucent gate.
 15949 | Lair:1   | Found a runed translucent gate.
 15949 | Lair:1   | Found a runed translucent gate.
 15951 | Lair:1   | Noticed a ten-headed hydra
 15951 | Lair:1   | Noticed Cleetus's ghost (journeyman FoFi)
 15951 | Lair:1   | Noticed an 11-headed hydra
 15952 | Lair:1   | Identified the cursed +1 long sword of Destiny {distort,
                  | rF+}
 15953 | Lair:1   | Found the +3 pair of gauntlets of War {Slay+5}
 16333 | Lair:2   | Reached skill level 5 in Dodging
 16583 | Lair:2   | Reached skill level 5 in Fighting
 16920 | Lair:2   | Noticed an eight-headed hydra
 16931 | Lair:2   | Killed an eight-headed hydra
 17095 | Lair:2   | Reached XP level 12. HP: 94/94 MP: 17/20
 17636 | Lair:3   | Reached **** piety under Ashenzari
 18055 | Lair:3   | Reached skill level 5 in Stealth
 18527 | Lair:3   | Found a staircase to the Snake Pit.
 18874 | Lair:3   | Found a staircase to the Swamp.
 19412 | Lair:4   | Noticed Nergalle
 19426 | Lair:4   | Killed Nergalle
 20329 | Lair:4   | Noticed a five-headed hydra
 20345 | Lair:4   | Killed a five-headed hydra
 21183 | Lair:5   | Reached skill level 12 in Earth Magic
 21230 | Lair:5   | Reached ***** piety under Ashenzari
 21259 | Lair:5   | Found a gate leading to a gauntlet.
 21311 | Gauntlet | Entered a Gauntlet
 21311 | Gauntlet | Found a transporter.
 21311 | Gauntlet | Found a transporter.
 21311 | Gauntlet | Found a transporter.
 21435 | Gauntlet | Found a transporter.
 21438 | Gauntlet | Found a transporter.
 21446 | Gauntlet | Found a transporter.
 21449 | Gauntlet | Found a transporter.
 21453 | Gauntlet | Found a runed translucent door.
 21453 | Gauntlet | Found a runed translucent door.
 21457 | Gauntlet | Found a transporter.
 21466 | Gauntlet | Noticed a blizzard demon
 21471 | Gauntlet | Found a large runed translucent door.
 21472 | Gauntlet | Found a large runed translucent door.
 21473 | Gauntlet | Found a large runed translucent door.
 21473 | Gauntlet | Found a large runed translucent door.
 21474 | Gauntlet | Found a runed translucent gate.
 21475 | Gauntlet | Found a transporter.
 21475 | Gauntlet | Found a runed translucent gate.
 21476 | Gauntlet | Found a runed translucent gate.
 21477 | Gauntlet | Found a large runed translucent door.
 21477 | Gauntlet | Found a large runed translucent door.
 21478 | Gauntlet | Found a large runed translucent door.
 21478 | Gauntlet | Noticed an entropy weaver
 21479 | Gauntlet | Found a large runed translucent door.
 21488 | Gauntlet | Found a large runed translucent door.
 21488 | Gauntlet | Found a large runed translucent door.
 21488 | Gauntlet | Found a runed translucent door.
 21488 | Gauntlet | Found a runed translucent door.
 21489 | Gauntlet | Found a large runed translucent door.
 21490 | Gauntlet | Found a large runed translucent door.
 21492 | Gauntlet | Found a transporter.
 21495 | Gauntlet | Found a transporter.
 21505 | Gauntlet | Found a transporter.
 21557 | Gauntlet | Found a large runed translucent door.
 21558 | Gauntlet | Found a large runed translucent door.
 21559 | Gauntlet | Found a large runed translucent door.
 21559 | Gauntlet | Found a large runed translucent door.
 21653 | Gauntlet | Learned a level 2 spell: Swiftness
 21921 | Gauntlet | Identified Ylanuf's Grimoire of Transformation
 21933 | Gauntlet | HP: 1/100 [blizzard demon/the air (20)]
 21934 | Gauntlet | Engulfed by a blizzard demon's freezing vapour

Illustrated notes

Levels and vault maps discovered:
D:1:      dpeg_arrival_circle_labyrinth_a, layout_basic
D:2:      lemuel_upstairs_altar, layout_rooms, uniq_sigmund
D:3:      layout_basic, uniq_jessica, uniq_grinder
D:4:      layout_basic, overflow_temple_1_default, minmay_shop_grid_forest,
          uniq_blork_the_orc, uniq_crazy_yiuf_cottage, uniq_menkaure
D:5:      layout_basic, serial_shops, kennysheep_mini,
          nemelex_lonely_heart_becter
D:6:      layout_cave_pods, grunt_dithmenos_shadows
D:7:      layout_loops_cross, minmay_temple_entry_offerings, serial_shops, shop
D:8:      layout_layer_cave
D:9:      layout_roguey, uniq_prince_ribbit1
D:10:     layout_stronghold, erik_lair_orcish_takeover, david_orc_3,
          grunt_decor_arrowhead, grunt_ministairs_15, hangedman_pestilent_swarm,
          minmay_misc_feat_enclosed, kennysheep_donut
Temple:   roderic_octagonal_lattice_temple
Lair:1:   layout_hall_layers, gammafunk_ghost_hydra_chop
Lair:2:   layout_roguey, lemuel_old_faithful
Lair:3:   layout_small_grid, skrybe_swamp_entry_bodies,
          minmay_snake_entry_guardpost_medium
Lair:4:   layout_small_grid, grunt_forest_large_clearing_hut, uniq_nergalle
Lair:5:   layout_small_grid, gauntlet_entry_generic, uniq_rupert
Gauntlet: minmay_gauntlet_mixed_big_or_small [nicolae_gauntlet_arena_blocks,
          minmay_gauntlet_arena_77_block_sizes, gammafunk_gauntlet_arena_crates,
          minmay_gauntlet_arena_77_braids,
          minmay_gauntlet_arena_make_your_own_arena,
          minmay_gauntlet_arena_77_shame_cube, gauntlet_exit_hidden_loot]

Skill      XL: |  1  2  3  4  5  6  7  8  9 10 11 12 |
---------------+-------------------------------------+-----
Stealth        | 2 3 4 6 |  6.2
Dodging        | 2 4 5 8 |  8.0
Spellcasting   | 3 4 5 6 |  6.8
Earth Magic    | 5 6 8 10 11 12 | 12.0
Fighting       | 1 4 5 7 |  7.1
Shields        | 2 4 |  4.0
Long Blades    | 2 9 11 | 11.4
Transmutations | |  1.5

Action                   |  1- 3 |  4- 6 |  7- 9 | 10-12 || total
-------------------------+-------+-------+-------+-------++-------
Melee: Hand axe          |   110 |     6 |       |       ||   116
       Tailslap          |     8 |     6 |    54 |    68 ||   136
       Short sword       |       |    96 |   280 |       ||   376
       Dagger            |       |       |    22 |       ||    22
       Long sword        |       |       |    68 |   406 ||   474
 Cast: Sandblast         |    11 |    16 |    73 |   158 ||   258
       Stone Arrow       |       |     2 |     3 |    23 ||    28
       Lee's Rapid Decon |       |       |    14 |    88 ||   102
       Animate Skeleton  |       |       |       |    18 ||    18
       Passwall          |       |       |       |     2 ||     2
       Corona            |       |       |       |     1 ||     1
       Swiftness         |       |       |       |     2 ||     2
       Wereblood         |       |       |       |     2 ||     2
       Summon Small Mamm |       |       |       |     1 ||     1
Invok: Curse Item        |       |       |     2 |     3 ||     5
 Abil: Breathe Acid      |       |       |     9 |     4 ||    13
Evoke: Wand              |       |       |     1 |       ||     1
       Box of beasts     |       |       |       |     1 ||     1
       Phial of floods   |       |       |       |     1 ||     1
  Use: Scroll            |       |    12 |    10 |     9 ||    31
       Potion            |       |       |       |     5 ||     5
 Stab: Sleeping          |     1 |     1 |     7 |     3 ||    12
       Distracted        |       |       |     2 |     3 ||     5
Armor: Skin              |    35 |    46 |   166 |   199 ||   446
Dodge: Dodged            |   127 |    78 |   267 |   328 ||   800
Block: Buckler           |       |       |    43 |   145 ||   188
       Rpst.: Long sword |       |       |    22 |    89 ||   111
